 Dungeon Crawl Stone Soup version 0.25-a0-696-g42a9e46d90 (webtiles) character file.

Game seed: 1338467741709593422, levelgen mode: deterministic

56595 Hartz the Geomancer (level 14, 0/87 HPs)
             Began as a Gargoyle Earth Elementalist on Mar 31, 2020.
             Was an Elder of Vehumet.
             Killed from afar by an oklob plant (11 damage)
             ... with a splash of acid
             ... on level 5 of the Lair of Beasts.
             The game lasted 01:01:37 (19895 turns).

Hartz the Geomancer (Gargoyle Earth Elementalist)  Turns: 19895, Time: 01:01:39

Health: 0/87       AC:  8    Str: 13    XL:     14   Next: 82%
Magic:  25/27      EV: 15    Int: 23    God:    Vehumet [****..]
Gold:   1713       SH:  0    Dex: 10    Spells: 6/32 levels left

rFire    + . .     SeeInvis +   Q - +3 whip (elec)
rCold    + + .     Gourm    .   (no shield)
rNeg     + . .     Faith    .   A - +1 robe {rC+ rF+}
rPois    ∞         Spirit   .   V - +0 hat {Int+3}
rElec    +         Reflect  .   k - +2 cloak
rCorr    .         Harm     .   J - +1 pair of gloves
MR       +....                  (no boots)
Stlth    ++........             g - amulet of magic regeneration
HPRegen  0.24/turn              l - ring of see invisible
MPRegen  0.45/turn              W - ring of protection from cold

@: corroded, studying Earth Magic
A: big wings, mutation resistance 1, negative energy resistance 1, shaggy fur 1,
electricity resistance, unbreathing, petrification resistance, rot immunity, AC
+10
a: Fly, Renounce Religion


You were on level 5 of the Lair of Beasts.
You worshipped Vehumet.
Vehumet was greatly pleased with you.
You were hungry.

You visited 3 branches of the dungeon, and saw 20 of its levels.
You also visited: Sewer and Bailey.

You collected 1713 gold pieces.

Inventory:

Hand Weapons
 c - a +2 flail of venom
 F - a +0 dire flail
 K - a +0 dire flail of protection
 Q - a +3 whip of electrocution (weapon)
 T - the +6 shillelagh "Devastator" {shatter}
   (You found it on level 13 of the Dungeon)
Missiles
 b - 166 stones (quivered)
 e - 9 javelins
Armour
 k - a +2 cloak (worn)
 A - a +1 robe of resistance (worn)
 J - a +1 pair of gloves (worn)
 V - a +0 hat of intelligence (worn)
Jewellery
 g - an amulet of magic regeneration (around neck)
 l - a ring of see invisible (left hand)
 m - an uncursed ring of flight
 n - an uncursed ring of ice
 D - an uncursed ring of resist corrosion
 E - an uncursed amulet of the acrobat
 P - a +3 amulet of reflection
 W - a ring of protection from cold (right hand)
Wands
 z - a wand of flame (31)
 C - a wand of paralysis (2)
 G - a wand of random effects (34)
 L - a wand of enslavement (14)
 U - a wand of clouds (2)
 X - a wand of acid (7)
Scrolls
 f - 2 scrolls of fog
 i - 8 scrolls of remove curse
 s - 11 scrolls of teleportation
 v - 8 scrolls of identify
 x - 3 scrolls of fear
 y - 2 scrolls of immolation
 B - 3 scrolls of blinking
 N - 5 scrolls of amnesia
 R - a scroll of magic mapping
Potions
 a - a potion of ambrosia
 j - 3 potions of stabbing
 o - 3 potions of haste
 p - 6 potions of magic
 q - a potion of mutation
 r - 4 potions of heal wounds
 t - 10 potions of curing
 u - 5 potions of lignification
 w - 3 potions of flight
 H - 5 potions of might
 I - a potion of resistance
 M - 2 potions of berserk rage
 O - 2 potions of brilliance
Books
 S - a manual of Earth Magic
Comestibles
 d - 22 rations


   Skills:
 + Level 9.9 Fighting
 + Level 9.1 Maces & Flails
 - Level 6.0 Armour
 + Level 7.9 Dodging
 - Level 2.1 Stealth
 + Level 9.5 Spellcasting
 + Level 10.9 Conjurations
 - Level 0.7 Transmutations
 * Level 6.7 Fire Magic
 + Level 13.4 Earth Magic
 - Level 6.0 Evocations


You had 6 spell levels left.
You knew the following spells:

 Your Spells              Type           Power        Failure   Level  Hunger
a - Sandblast             Erth           ######       0%          1    None
b - Stone Arrow           Conj/Erth      ######       1%          3    None
c - Lee's Rapid Deconstr  Erth           ######....   1%          5    ####...
d - Iron Shot             Conj/Erth      ######....   1%          6    ######.
e - Bolt of Magma         Conj/Fire/Erth ######....   1%          5    ####...
f - Irradiate             Conj/Tmut      #####.....   4%          5    ####...
g - Apportation           Tloc           ##....       6%          1    None

Your spell library contained the following spells:

 Spells                   Type           Power        Failure   Level  Hunger
 Freezing Cloud           Conj/Ice/Air   ####......   45%         6    ######.
 Magic Dart               Conj           ####         1%          1    None
 Passwall                 Tmut/Erth      #####...     1%          2    None
 Searing Ray              Conj           ######       1%          2    None
 Dazzling Flash           Conj/Hex       #####.       1%          3    None
 Fulminant Prism          Conj/Hex       #####.....   1%          4    ##.....
 Iskenderun's Mystic Bla  Conj/Tloc      #####...     1%          4    ##.....
 Leda's Liquefaction      Hex/Erth       #####.....   3%          4    ##.....
 Petrify                  Tmut/Erth      #####...     3%          4    ##.....
 Animate Skeleton         Necr           N/A          6%          1    None
 Summon Butterflies       Summ           ##......     6%          1    None
 Summon Small Mammal      Summ           ##..         6%          1    None
 Call Imp                 Summ           ##......     9%          2    None
 Call Canine Familiar     Summ           ##......     19%         3    None
 Lesser Beckoning         Tloc           ##........   19%         3    None
 Summon Guardian Golem    Hex/Summ       ##......     19%         3    None
 Tukima's Dance           Hex            ##......     19%         3    None
 Summon Ice Beast         Ice/Summ       ##......     52%         4    ##.....
 Summon Lightning Spire   Summ/Air       ##......     52%         4    ##.....
 Alistair's Intoxication  Tmut/Pois      ##......     80%         5    ####...
 Hydra Form               Tmut           ##........   100%        6    ######.
 Invisibility             Hex            ##......     100%        6    ######.
 Shatter                  Erth           ######....   99%         9    #######
 Dragon Form              Tmut           ##........   100%        7    #######
 Statue Form              Tmut/Erth      Unusable     N/A         6    N/A

Dungeon Overview and Level Annotations

Branches:
Dungeon (14/15)            Temple (1/1) D:4            Lair (5/6) D:11
  Swamp (0/4) Lair:3        Snake (0/4) Lair:4          Orc (0/2) D:9
 Vaults (0/5) D:13          Sewer (visited)          Bailey (visited)
  Slime: Lair:5-6

Altars:
Ashenzari
Cheibriados
Dithmenos
Elyvilon
Fedhas
Gozag
Hepliaklqana
Kikubaaqudgha
Makhleb
Nemelex Xobeh
Okawaru
Qazlal
Ru
Sif Muna
Trog
Uskayaw
Vehumet
Wu Jian
Xom
Yredelemnul
Zin
The Shining One

Annotations:
Lair:2 3 runed translucent doors, n0tAlx's ghost, journeyman DsBe
Lair:5 exclusion: 3 oklob plants


Innate Abilities, Weirdness & Mutations

You are resistant to torment.
Your stone body is resilient. (AC +10)
You are immune to poison.
Your large and strong wings let you fly indefinitely.
You resist negative energy. (rN+)
You are resistant to electric shocks. (rElec)
You can survive without breathing.
You are immune to petrification.
You are immune to rotting.
You are somewhat resistant to further mutation.
You are covered in fur. (AC +1)


Message History

The plant is engulfed in blazing flames.
You destroy the plant!
The plant is engulfed in blazing flames.
The oklob plant spits acid at you. The splash of acid hits you!
The acid corrodes you!
You are splashed with acid!
The plant is engulfed in blazing flames.
You destroy the plant!
The oklob plant spits acid at you. The splash of acid hits you.
You are splashed with acid!
The oklob plant spits acid at you. The splash of acid hits you!
The acid corrodes you!
You are splashed with acid!
There is a stone staircase leading down here.
The oklob plant spits acid at you. The splash of acid hits you.
* * * LOW HITPOINT WARNING * * *
The acid corrodes you!
You are splashed with acid!
* * * LOW HITPOINT WARNING * * *
The oklob plant spits acid at you. The splash of acid hits you!
You die...

##... ..... .
#...### .. #...PP#
... #.....##....
#######...........
#.§§§§§.(.........
#P§§§○§...@..#
#?§P§§§..>####
#$§§§§§....#
#.§§P§§...##
#######..<.#
#.....# #.....#
##....# #.Y.##


You could see 2 oklob plants.

Vanquished Creatures
  Rupert (D:12)
  Kirke (D:14)
  Gastronok (Lair:2)
  Roxanne (D:14)
  Fannar (D:10)
  5 hydras
  Erolcha (D:10)
  2 dancing weapons (D:13)
  6 two-headed ogres
  Sonja (Lair:3)
  2 skeletal warriors (D:13)
  Nergalle (D:12)
  An unseen horror (D:13)
  A wolf spider zombie (D:14)
  Pikel (D:6)
  13 ugly things
  An oklob plant (Lair:5)
  A cyclops (D:14)
  A centaur zombie (D:10)
  5 black mambas
  5 spiny frogs
  A kobold demonologist (D:12)
  2 rime drakes (Lair:4)
  4 komodo dragons
  6 trolls
  2 polar bears (Lair:4)
  2 hornets (D:10)
  2 tyrant leeches (Lair:3)
  8 blink frogs
  8 hippogriffs
  A shadow (D:13)
  16 flying skulls (D:13)
  2 wyverns
  3 water elementals (D:13)
  32 yaks
  2 hogs (D:14)
  4 hungry ghosts
  Grum (D:8)
  2 basilisks (Lair:3)
  3 swamp worms (Lair:3)
  A soldier ant (D:13)
  5 porcupines
  10 water moccasins
  A hornet zombie (D:13)
  An eye of draining (D:12)
  2 ice beasts
  2 orc warriors
  4 phantoms
  2 black bears
  A necrophage (D:10)
  6 ogres
  17 wolves
  8 centaurs
  5 crocodiles
  3 big kobolds (Sewer)
  16 bullfrogs
  A wyvern zombie (D:8)
  2 scorpions
  3 killer bees (D:8)
  5 wights (D:11)
  6 electric eels
  3 quasits
  2 bullfrog zombies
  11 hounds
  8 crimson imps
  7 jellies
  2 bullfrog skeletons
  6 orc priests
  3 centaur skeletons
  7 iguanas
  14 orc wizards
  7 worker ants
  2 hound zombies
  A hound skeleton (D:6)
  A mummy (D:4)
  2 worker ant zombies
  16 adders
  25 gnolls
  5 shadow imps
  6 oozes
  2 adder skeletons
  11 worms
  2 dart slugs (D:2)
  6 leopard geckos
  44 orcs
  9 ball pythons
  3 bats
  8 giant cockroaches
  15 hobgoblins
  25 kobolds
  3 quokkas
  2 frilled lizards
  10 goblins
  A jackal skeleton (D:4)
  4 rats
  A spectral orc (D:6)
  5 plants (Lair:5)
533 creatures vanquished.

Vanquished Creatures (collateral kills)
  A yak (Lair:2)
  An adder (D:9)
  A kobold (D:9)
3 creatures vanquished.

Vanquished Creatures (others)
  A two-headed ogre (D:13)
  2 hogs (D:14)
  An orc wizard (D:4)
  A shadow imp (D:6)
  An orc (D:6)
  A plant (Lair:3)
7 creatures vanquished.

Grand Total: 543 creatures vanquished

Notes
Turn   | Place    | Note
-------+----------+-------------------------------------------
     0 | D:1      | Hartz the Gargoyle Earth Elementalist began the quest for
                  | the Orb.
     0 | D:1      | Reached XP level 1. HP: 10/10 MP: 3/3
   463 | D:1      | Reached skill level 4 in Earth Magic
   463 | D:1      | Reached XP level 2. HP: 13/15 MP: 5/5
   971 | D:2      | Reached XP level 3. HP: 14/19 MP: 3/6
   976 | D:2      | Learned a level 3 spell: Stone Arrow
  1275 | D:2      | Reached skill level 1 in Conjurations
  1275 | D:2      | Reached XP level 4. HP: 21/24 MP: 4/8
  1607 | D:2      | Reached skill level 5 in Earth Magic
  1808 | D:3      | Reached XP level 5. HP: 28/28 MP: 5/9
  1815 | D:3      | Learned a level 5 spell: Lee's Rapid Deconstruction
  2755 | D:4      | Reached XP level 6. HP: 32/32 MP: 8/11
  2833 | D:4      | Found a glowing drain,
  2843 | Sewer    | Entered a sewer
  3186 | Sewer    | Reached skill level 6 in Earth Magic
  3224 | Sewer    | Reached XP level 7. HP: 28/36 MP: 8/13
  3711 | D:4      | HP: 1/36 [orc wizard/magic dart (6)]
  4093 | D:4      | Found a staircase to the Ecumenical Temple,
  4100 | Temple   | Entered the Ecumenical Temple
  4442 | D:5      | Entered Level 5 of the Dungeon
  4476 | D:5      | Found a glowing golden altar of the Shining One,
  4563 | D:5      | Reached skill level 1 in Armour
  4576 | D:5      | Found a blossoming altar of Fedhas,
  4702 | D:5      | Found a sacrificial altar of Ru,
  4847 | D:5      | Reached skill level 1 in Fighting
  4899 | D:5      | Reached skill level 1 in Maces & Flails
  4952 | D:5      | Learned a level 4 spell: Fulminant Prism
  5063 | D:6      | Reached XP level 8. HP: 25/43 MP: 12/15
  5277 | D:6      | Found a white marble altar of Elyvilon,
  5315 | D:6      | Noticed Pikel
  5331 | D:6      | Killed Pikel
  5331 | D:6      | Reached skill level 5 in Spellcasting
  5331 | D:6      | Reached skill level 5 in Conjurations
  5331 | D:6      | Reached skill level 7 in Earth Magic
  5556 | D:6      | Found a shimmering blue altar of Sif Muna,
  5575 | D:6      | Identified Sif Muna's Tome of Darkness
  5772 | D:6      | Found a sparkling altar of Nemelex Xobeh,
  5797 | D:6      | Reached XP level 9. HP: 28/50 MP: 13/17
  5968 | D:6      | Found a basalt altar of Yredelemnul,
  6043 | D:7      | Found an iron altar of Okawaru,
  6258 | D:7      | Found an ornate altar of the Wu Jian Council,
  6617 | D:8      | Noticed an angel
  6628 | D:8      | Found a glowing silver altar of Zin,
  6628 | D:8      | Found a shimmering altar of Xom,
  6648 | D:8      | Noticed a two-headed ogre
  6659 | D:8      | Killed a two-headed ogre
  6659 | D:8      | Reached skill level 8 in Earth Magic
  6974 | D:8      | Noticed a two-headed ogre
  6981 | D:8      | Killed a two-headed ogre
  6981 | D:8      | Reached XP level 10. HP: 26/58 MP: 14/19
  7345 | D:8      | Reached skill level 5 in Fighting
  7346 | D:8      | Reached skill level 5 in Armour
  7946 | D:8      | Found a radiant altar of Vehumet,
  7946 | D:8      | Found an opulent altar of Gozag,
  7950 | D:8      | Became a worshipper of Vehumet
  8237 | D:8      | Noticed Grum
  8246 | D:8      | Killed Grum
  8396 | D:9      | Found a shadowy altar of Dithmenos,
  8410 | D:9      | Reached skill level 9 in Earth Magic
  8425 | D:9      | Found a flagged portal,
  8454 | Bailey   | Entered a bailey
  8615 | Bailey   | Reached * piety under Vehumet
  8615 | Bailey   | Offered knowledge of Freeze by Vehumet.
  8829 | Bailey   | Identified a scroll of acquirement
  8829 | Bailey   | Identified the ring "Xokeg" {rF+ MR+ Str-2 Dex+4} (You
                  | acquired it in a bailey)
  8858 | D:9      | Found a sparkling altar of Nemelex Xobeh,
  8962 | D:9      | Found a staircase to the Orcish Mines,
  8974 | D:9      | Found a radiant altar of Vehumet,
  8982 | D:9      | Reached skill level 5 in Maces & Flails
  9084 | D:9      | Found a white marble altar of Elyvilon,
  9210 | D:9      | Reached skill level 1 in Evocations
  9280 | D:9      | Reached XP level 11. HP: 61/64 MP: 17/21
  9320 | D:9      | Noticed a brown ugly thing
  9320 | D:9      | You fall into a shaft and drop 3 floors!
  9439 | D:10     | Entered Level 10 of the Dungeon
  9480 | D:10     | Reached skill level 5 in Dodging
  9597 | D:9      | Killed a brown ugly thing
  9858 | D:10     | Noticed Erolcha
  9870 | D:10     | Killed Erolcha
  9999 | D:10     | Offered knowledge of Foxfire by Vehumet.
  9999 | D:10     | Reached ** piety under Vehumet
 10144 | D:10     | Gained mutation: You are covered in fur. (AC +1) [potion of
                  | mutation]
 10144 | D:10     | Gained mutation: You are somewhat resistant to further
                  | mutation. [potion of mutation]
 10237 | D:10     | Noticed Fannar
 10253 | D:10     | Killed Fannar
 10602 | D:10     | Noticed a two-headed ogre
 10607 | D:10     | Killed a two-headed ogre
 10901 | D:11     | Offered knowledge of Inner Flame by Vehumet.
 11047 | D:11     | Reached skill level 10 in Earth Magic
 11253 | D:11     | Found a staircase to the Lair,
 11317 | D:11     | Reached *** piety under Vehumet
 11358 | D:11     | Reached XP level 12. HP: 72/72 MP: 21/23
 11475 | D:12     | Noticed a two-headed ogre
 11483 | D:12     | Killed a two-headed ogre
 11504 | D:12     | Noticed an eight-headed hydra
 11526 | D:12     | Offered knowledge of Sticky Flame by Vehumet.
 11531 | D:12     | Killed an eight-headed hydra
 11692 | D:12     | Noticed Nergalle
 11705 | D:12     | Killed Nergalle
 11783 | D:12     | Noticed Rupert
 11819 | D:12     | Paralysed by Rupert for 6 turns
 11828 | D:12     | Killed Rupert
 12117 | D:13     | Found a gate to the Vaults,
 12271 | D:13     | Reached skill level 11 in Earth Magic
 12363 | D:13     | Reached **** piety under Vehumet
 12400 | D:13     | Noticed a two-headed ogre
 12510 | D:13     | Noticed a two-headed ogre
 12510 | D:13     | Noticed an iron dragon
 12566 | D:13     | Reached XP level 13. HP: 29/78 MP: 25/25
 12826 | D:13     | Offered knowledge of Yara's Violent Unravelling by Vehumet.
 12919 | D:13     | Reached skill level 5 in Evocations
 12935 | D:13     | Found the +6 shillelagh "Devastator" {shatter}
 12982 | D:13     | Learned a level 6 spell: Iron Shot
 12989 | D:13     | Learned a level 5 spell: Bolt of Magma
 13034 | D:13     | Reached skill level 1 in Fire Magic
 13228 | D:13     | Found the +3 giant club "Skullcrusher" {speed, Str+7}
 13958 | D:14     | Noticed Kirke
 13974 | D:14     | Noticed a sphinx
 14004 | D:14     | Killed Kirke
 14311 | D:14     | Reached skill level 10 in Conjurations
 14574 | D:14     | Noticed Roxanne
 14737 | D:14     | Killed Roxanne
 14737 | D:14     | Reached skill level 12 in Earth Magic
 14968 | D:14     | Learned a level 5 spell: Irradiate
 15593 | Lair:1   | Entered Level 1 of the Lair of Beasts
 16055 | Lair:1   | Gained mutation: Your large and strong wings let you fly
                  | indefinitely. [Gargoyle growth]
 16055 | Lair:1   | Reached XP level 14. HP: 81/86 MP: 27/27
 16475 | Lair:1   | Reached ***** piety under Vehumet
 16480 | Lair:1   | Reached skill level 5 in Fire Magic
 16712 | Lair:2   | Noticed Gastronok
 16722 | Lair:2   | Killed Gastronok
 16722 | Lair:2   | Offered knowledge of Freezing Cloud by Vehumet.
 17066 | Lair:2   | Found a runed translucent gate,
 17066 | Lair:2   | Found a runed translucent gate,
 17066 | Lair:2   | Found a runed translucent gate,
 17070 | Lair:2   | Noticed n0tAlx's ghost (journeyman DsBe)
 17957 | Lair:3   | Learned a level 1 spell: Apportation
 18065 | Lair:3   | Noticed Sonja
 18067 | Lair:3   | Killed Sonja
 18283 | Lair:3   | Reached skill level 13 in Earth Magic
 18446 | Lair:3   | Found a staircase to the Swamp,
 19090 | Lair:4   | Found a staircase to the Snake Pit,
 19895 | Lair:5   | Killed from afar by an oklob plant

Levels and vault maps discovered:
D:1:      heliophobic_arrival_henge, layout_basic, minmay_misc_feat_columns,
          minmay_shallow_snake_nest
D:2:      layout_basic
D:3:      layout_basic
D:4:      layout_loops_ring, minmay_temple_entry_nine_rooms,
          gup_ossuary_entry_pyramid, cheibrodos_sewer_entry_drain, first_ration
D:5:      layout_gridville, lemuel_crystal_altar, lemuel_round_altar,
          tso_metal_star
D:6:      layout_basic, yredelemnul_forgotten_temple_becter, led_sif_book,
          basic_altar, nemelex_xobeh_ov_fountains_minmay, uniq_pikel
D:7:      layout_basic, lemuel_coloured_pillars_altar, okawaru_trees_2
D:8:      layout_basic, grunt_temple_overflow_order_and_chaos_1,
          gammafunk_temple_overflow_elements, uniq_grum
D:9:      layout_cave_pods, marbit_many_paths, grunt_dithmenos_smoke,
          nicolae_overflow_crystal_walls, orc_0_dummy, enter_bailey_3,
          hangedman_little_slice_of_home, vehumet_altar_wand_db
D:10:     layout_loops_cross, kennysheep_doodads, uniq_fannar, uniq_erolcha
D:11:     layout_loops_ring, lair_entry_dummy
D:12:     layout_rooms, uniq_rupert, uniq_nergalle
D:13:     minmay_roctagon, layout_basic, erik_vaults_1,
          minmay_guarded_unrand_skullcrusher
D:14:     layout_loops_corners, minmay_misc_feat_iff, lightli_corner_chamber,
          uniq_roxanne, uniq_kirke
Temple:   jpeg_temple_island
Lair:1:   wander_river, layout_long_grid, serial_bayou_shore_b,
          grunt_megastairs_2, lemuel_fruit_tree
Lair:2:   layout_hall_layers, gammafunk_ghost_necromancy,
          nicolae_quartered_pool_little, serial_bayou_shore_b,
          grunt_megastairs_3, uniq_gastronok
Lair:3:   layout_long_grid, palyth_hydra_swamp_entry, grunt_megastairs_5,
          uniq_sonja
Lair:4:   layout_cave_shapes, minmay_snake_entry_six_corridors, st_stairs_12
Lair:5:   layout_concentric_octagons, minmay_slime_entry_pillars,
          nicolae_lair_grove_arrangements, serial_bayou_shore_a,
          minmay_lair_oklob_chamber, infiniplex_staircase_pool,
          lemuel_fruit_fields

Skill      XL: |  1  2  3  4  5  6  7  8  9 10 11 12 13 14 |
---------------+-------------------------------------------+-----
Earth Magic    | 4 5 6 7 8 9 10 11 12 13 | 13.4
Spellcasting   | 3 4 5 6 7 8 9 |  9.5
Conjurations   | 1 2 3 4 5 6 7 8 9 10 | 10.9
Armour         | 1 3 4 5 6 |  6.0
Fighting       | 1 3 4 5 7 8 9 |  9.9
Dodging        | 2 3 4 5 6 7 |  7.9
Maces & Flails | 1 2 4 5 6 7 8 9 |  9.1
Evocations     | 1 3 4 5 6 |  6.0
Fire Magic     | 4 6 |  6.7
Stealth        | |  2.1
Transmutations | |  0.7

Action                   |  1- 3 |  4- 6 |  7- 9 | 10-12 | 13-15 || total
-------------------------+-------+-------+-------+-------+-------++-------
Melee: Dagger            |    46 |   192 |   111 |       |       ||   349
       Whip              |       |       |   155 |   325 |   303 ||   783
Throw: Javelin           |     5 |       |       |       |       ||     5
 Cast: Sandblast         |    28 |    70 |    93 |   187 |   101 ||   479
       Stone Arrow       |       |    26 |     7 |    40 |    25 ||    98
       Lee's Rapid Decon |       |       |     3 |    39 |    60 ||   102
       Iron Shot         |       |       |       |       |    60 ||    60
       Irradiate         |       |       |       |       |     2 ||     2
 Abil: Evoke Flight      |       |       |     1 |       |       ||     1
Evoke: Wand              |       |       |       |    17 |    19 ||    36
  Use: Scroll            |       |    10 |     9 |    16 |     6 ||    41
       Potion            |       |       |     2 |     2 |     2 ||     6
 Stab: Sleeping          |       |     2 |     4 |     1 |     2 ||     9
       Distracted        |       |       |     1 |     1 |       ||     2
  Eat: Chunk             |     1 |     9 |    13 |    28 |    28 ||    79
       Ration            |       |       |     1 |       |     9 ||    10
Armor: Robe              |    15 |    79 |   131 |   195 |   170 ||   590
Dodge: Dodged            |    41 |   135 |   196 |   333 |   263 ||   968

Table legend:
 A = Non-vault XP
 B = Vault XP
 C = Vault XP percentage of total XP
 D = Non-vault monster count
 E = Vault monster count
 F = Vault count percentage of total count
                 A         B        C        D         E       F
            +---------+---------+-------+---------+---------+-------
      Total |   48963 |   31887 |  39.4 |     388 |     147 |  27.5
            +---------+---------+-------+---------+---------+-------
        D:1 |       9 |       5 |  35.7 |       5 |       3 |  37.5
        D:2 |     150 |       0 |   0.0 |      27 |       0 |   0.0
        D:3 |     103 |       0 |   0.0 |      23 |       0 |   0.0
        D:4 |     296 |      22 |   6.9 |      24 |       3 |  11.1
        D:5 |     223 |       0 |   0.0 |      13 |       0 |   0.0
        D:6 |     680 |     663 |  49.4 |      18 |       4 |  18.2
        D:7 |    1116 |       0 |   0.0 |      15 |       0 |   0.0
        D:8 |    3259 |     644 |  16.5 |      31 |       5 |  13.9
        D:9 |    2209 |     277 |  11.1 |      20 |      14 |  41.2
       D:10 |    3604 |    1941 |  35.0 |      35 |       2 |   5.4
       D:11 |    2663 |       0 |   0.0 |      32 |       0 |   0.0
       D:12 |    5102 |    3645 |  41.7 |      29 |       2 |   6.5
       D:13 |    2725 |    9423 |  77.6 |      14 |      24 |  63.2
       D:14 |    7596 |    4610 |  37.8 |      18 |       6 |  25.0
     Lair:1 |    6724 |     465 |   6.5 |      27 |       4 |  12.9
     Lair:2 |    2980 |    2099 |  41.3 |      16 |       1 |   5.9
     Lair:3 |    3127 |    5355 |  63.1 |      15 |      14 |  48.3
     Lair:4 |    6397 |    1013 |  13.7 |      26 |       8 |  23.5
     Lair:5 |       0 |    1054 | 100.0 |       0 |       4 | 100.0
      Sewer |       0 |     323 | 100.0 |       0 |      19 | 100.0
     Bailey |       0 |     348 | 100.0 |       0 |      34 | 100.0
            +---------+---------+-------+---------+---------+-------
